Map: New Repugnancy LE

Players

Smeeeger - Winner!

  • Race: Protoss Protoss
  • League: Platinum
  • Spawn Location: 1:00

Relic

  • Race: Zerg Zerg
  • League: Gold
  • Spawn Location: 7:00

VOD

Have the link to the VOD?

Description

Time

  • Played on: July 24, 2019, 9:37 a.m.
  • Length: 7:09
Show
View Real Time Build Order
Export as new Build Order

Smeeeger Protoss - Winner!

Build Orders: 1 Gate Expand 

Get SALT Encoding   

  12  0:01  Probe  
  13  0:16  Pylon  
  13  0:17  Probe  
  14  0:29  Probe  
  15  0:39  Gateway  
  15  0:42  Probe  
  16  0:50  Probe  
  17  1:00  Probe  
  18  1:12  Probe  
  18  1:14  Pylon  
  18  1:26  Probe  
  18  1:27  Nexus  
  18  1:31  Zealot  
  21  1:37  Assimilator  
  21  1:44  Probe  
  22  1:52  Cybernetics Core  
  22  1:56  Probe  
  23  2:04  Pylon  
  23  2:17  Assimilator  
  23  2:18  Probe  
  24  2:26  Gateway, Probe  
  25  2:38  Probe  
  25  2:43  Probe  
  27  2:47  Gateway  
  27  2:48  Warp Gate  
  27  2:50  Probe  
  28  2:55  Probe  
  29  3:01  Adept  
  29  3:03  Probe  
  32  3:07  Probe  
  33  3:13  Probe  
  33  3:15  Probe  
  33  3:17  Gateway  
  35  3:21  Probe  
  35  3:23  Pylon  
  35  3:24  Probe  
  37  3:40  Probe x2  
  39  3:52  Probe  
  40  4:01  Probe  
  41  4:04  Probe  
  42  4:13  Probe  
  42  4:17  Probe  
  42  4:21  Pylon  
  42  4:25  Robotics Facility  
  42  4:34  Assimilator  
  42  4:36  Assimilator  
  42  4:37  Pylon  
  42  4:39  Adept x4  
  50  5:01  Probe x2  
  50  5:05  Adept x3  
  50  5:06  Adept  
  60  5:13  Probe  
  60  5:14  Probe  
  62  5:27  Warp Prism  
  60  6:11  Adept x3  
  60  6:12  Adept  
  68  6:19  Forge  
  68  6:21  Forge  
  68  6:38  Nexus  
  62  6:40  Zealot x3  
  62  6:41  Zealot  
Show
View Real Time Build Order
Export as new Build Order

Relic Zerg 

Build Orders: 3 Hatch before Pool 

Get SALT Encoding   

  12  0:05  Drone  
  13  0:14  Overlord  
  13  0:19  Drone, Extractor  
  13  0:27  Drone  
  14  0:33  Drone  
  15  0:44  Drone  
  15  0:49  Drone  
  17  1:22  Drone x2  
  19  1:28  Hatchery  
  19  1:35  Drone  
  19  1:39  Extractor  
  19  1:42  Hatchery  
  18  1:48  Spawning Pool  
  18  1:53  Drone  
  18  1:56  Drone  
  19  2:04  Drone  
  19  2:08  Drone  
  21  2:17  Drone  
  22  2:35  Hatchery  
  21  2:38  Drone  
  21  2:43  Metabolic Boost  
  22  2:49  Overlord  
  22  2:53  Drone  
  23  3:00  Zergling x2  
  24  3:11  Queen  
  26  3:23  Baneling Nest  
  26  3:27  Zergling x4  
  27  3:40  Zergling x2  
  28  3:47  Queen  
  29  3:52  Zergling x4  
  29  3:54  Drone  
  32  3:58  Drone  
  33  4:10  Drone x2  
  35  4:18  Zergling x2  
  36  4:25  Drone  
  37  4:31  Drone  
  37  4:34  Drone  
  37  4:37  Overlord  
  39  5:01  Evolution Chamber  
  38  5:13  Evolution Chamber, Queen  
  38  5:14  Evolution Chamber  
  38  5:15  Evolution Chamber  
  36  5:22  Zergling x6  
  36  5:23  Zergling x4  
  36  5:24  Baneling  
  36  5:26  Baneling  
  37  5:49  Drone x3  
  37  5:56  Lair  
  35  6:11  Drone x5  
  36  6:17  Drone  
  39  6:46  Evolution Chamber  
Tags
 
Add a new tag
Caveats
  • Supply blocks, unpowered buildings, or Contaminate may cause inaccurate times.
  • Supply counts are checked every 10 seconds.